 Dungeon Sprint DCSS version 0.24.0-41-g2ae2f7f1be (webtiles) character file.

Game seed: 16363856659075936110, levelgen mode: deterministic

46 McKennaii the Skirmisher (level 3, -5/31 HPs)
             Began as a Demonspawn Fighter on Dec 9, 2019.
             Slain by a centaur (7 damage)
             ... in the Dungeon (Sprint IX: "|||||||||||||||||||||||||||||").
             The game lasted 00:00:19 (157 turns).

McKennaii the Skirmisher (Demonspawn Fighter)        Turns: 157, Time: 00:00:19

Health: -5/31      AC:  3    Str: 17    XL:     3   Next: 46%
Magic:  3/3        EV:  7    Int:  9    God:
Gold:   0          SH:  9    Dex: 12    Spells: 2/2 levels left

rFire    . . .     SeeInvis .   a - +0 long sword
rCold    . . .     Gourm    .   c - +0 shield
rNeg     . . .     Faith    .   b - +0 scale mail
rPois    .         Spirit   .   (no helmet)
rElec    .         Reflect  .   (no cloak)
rCorr    .         Harm     .   (no gloves)
MR       .....     NoTele   +   (no boots)
Stlth    ..........             (no amulet)
HPRegen  0.10/turn              (no ring)
MPRegen  0.08/turn              (no ring)

@: corroded
A: talons 1, powered by death 1
a: no special abilities


You were in the Dungeon.
You were not hungry.

You visited 1 branch

Inventory:

Hand Weapons
 a - a +0 long sword (weapon)
Armour
 b - a +0 scale mail (worn)
 c - a +0 shield (worn)
Scrolls
 k - a scroll of blinking
Potions
 d - a potion of might
 e - a potion of curing
 g - a potion of heal wounds
 h - a potion of haste
 i - 2 potions of magic
 j - a potion of berserk rage
Comestibles
 f - a ration
 l - 3 chunks of flesh


   Skills:
 + Level 4.5 Fighting
 * Level 3.6 Long Blades
 + Level 4.1 Armour
 + Level 4.1 Shields


You had 2 spell levels left.
You didn't know any spells.
Your spell library was empty.

Dungeon Overview and Level Annotations

Branches:
Dungeon (1/1)

Altars:


Innate Abilities, Weirdness & Mutations

You have sharp toenails.
You regenerate a little health from kills.


Message History

The centaur wields a +0 shortbow.
The centaur shoots an arrow.
The arrow hits you but does no damage.
The centaur unwields a +0 shortbow.
The centaur hits you. The centaur hits you!
There is an open door here.
You hit the centaur but do no damage. Your kick misses the centaur.
The centaur completely misses you. The centaur hits you.
You hit the centaur. You claw the centaur.
The centaur is lightly wounded.
The centaur hits you!
* * * LOW HITPOINT WARNING * * *
The centaur barely misses you.
You hit the centaur but do no damage. Your kick misses the centaur.
The centaur is lightly wounded.
The centaur hits you.
* * * LOW HITPOINT WARNING * * *
You block the centaur's attack.
You hit the centaur but do no damage. You claw the centaur, but do no damage.
The centaur is lightly wounded.
The centaur hits you!
You die...

▓+▓
▓.▓
▓.▓
▓l▓
▓o▓
▓c▓
▓@▓
▓.▓
▓.▓
▓.▓
▓.▓
▓.▓
▓)▓
▓.▓
▓.▓


You could see a centaur, an orc and a frilled lizard.

Vanquished Creatures
  A jelly (D)
  An adder (D)
  A dart slug (D)
  2 goblins (D)
  A jackal (D)
  A rat (D)
7 creatures vanquished.

Notes
Turn   | Place    | Note
-------+----------+-------------------------------------------
     0 | D        | McKennaii the Demonspawn Fighter began the quest for the
                  | Orb.
     0 | D        | Reached XP level 1. HP: 18/18 MP: 1/1
   148 | D        | Noticed a centaur
   148 | D        | Noticed a jelly
   150 | D        | Gained mutation: You have sharp toenails. [demonic
                  | ancestry]
   150 | D        | Reached XP level 2. HP: 25/25 MP: 2/2
   152 | D        | Gained mutation: You regenerate a little health from kills.
                  | [demonic ancestry]
   152 | D        | Reached XP level 3. HP: 25/31 MP: 3/3
   157 | D        | Slain by a centaur

Levels and vault maps discovered:
D:        linesprint [early_d, line_temple, items_1, d_10, items_2, lair_1,
          lair_end, items_3, orc_1, orc_end, items_4, d_15, swamp_1, shoals_1,
          snake_1, spider_1, d_20, vaults_1, items_5, swamp_end, shoals_end,
          snake_end, spider_end, vaults_end, d_27, items_6, zot_1, zot_end,
          crypt_end, forest_end, elf_end, slime_end, tomb_end, abyss_end,
          pan_hell_end]

Skill      XL: |  1  2 |
---------------+-------+-----
Long Blades    | 2 3 |  3.6
Armour         | 3 4 |  4.1
Shields        | 3 4 |  4.1
Fighting       | 4 |  4.5

Action                   || total
-------------------------++-------
Melee: Long sword        ||    17
       Kick              ||     3
Armor: Scale mail        ||     1
Dodge: Dodged            ||     8
Block: Shield            ||     4
       Rpst.: Long sword ||     1
